 Dungeon Crawl Stone Soup version 0.25.1-2-g60ff931df9 (webtiles) character file.

Game seed: 13438062611796748847

58106 DogServant the Nimble (level 14, -1/126 HPs)
             Began as a Pale Draconian Transmuter on Nov 15, 2020.
             Was the Champion of Makhleb.
             Slain by Jorgrun
             ... wielding an uncursed staff of earth
              (11 damage)
             ... on level 13 of the Dungeon.
             The game lasted 00:42:01 (25848 turns).

DogServant the Nimble (Pale Draconian Transmuter)  Turns: 25848, Time: 00:42:02

Health: -1/126     AC: 10    Str: 18 (20) XL:     14   Next: 48%
Magic:  20/23      EV: 18    Int: 14      God:    Makhleb [******]
Gold:   1199       SH:  5    Dex: 13 (15) Spells: 14/25 levels left

rFire    . . .     SeeInvis .     - Unarmed
rCold    . . .     Gourm    .   (shield currently unavailable)
rNeg     . . .     Faith    .   (armour unavailable)
rPois    .         Spirit   .   t - +1 hat
rElec    .         Reflect  +   V - +0 cloak
rCorr    .         Harm     .   (gloves currently unavailable)
MR       ++...                  (no boots)
Stlth    +.........             U - amulet of reflection
HPRegen  0.31/turn              b - +6 ring of strength
MPRegen  0.18/turn              X - ring of protection from magic

@: about to teleport, short of breath, blade hands (expiring), grasped by roots,
constricted
A: breathe steam, unfitting armour, deterioration 1, cold-blooded, AC +8
a: Breathe Steam, End Transformation, Minor Destruction, Lesser Servant of
Makhleb, Major Destruction, Greater Servant of Makhleb, Renounce Religion


You were on level 13 of the Dungeon.
You worshipped Makhleb.
Makhleb was exalted by your worship.
You were not hungry.
You had blades for hands.
You visited 3 branches of the dungeon, and saw 20 of its levels.
You also visited: Ice Cave.

You collected 1199 gold pieces.

Inventory:

Missiles
 a - 430 arrows
Armour
 t - a +1 hat (worn)
 v - a +0 buckler
 R - a +1 pair of gloves (melded)
 V - a +0 cloak (worn)
Jewellery
 b - a +6 ring of strength (left scythe-like blade)
 i - an uncursed amulet of the acrobat
 u - an uncursed ring of protection from cold
 U - an amulet of reflection (around neck)
 X - a ring of protection from magic (right scythe-like blade)
Wands
 r - a wand of acid (5)
 A - a wand of polymorph (8)
 H - a wand of iceblast (10)
 L - a wand of random effects (31)
 S - a wand of disintegration (5)
 Z - a wand of digging (4)
Scrolls
 e - 6 scrolls of immolation
 f - 2 scrolls of amnesia
 j - 11 scrolls of remove curse
 k - 7 scrolls of fog
 l - 2 scrolls of identify
 p - 5 scrolls of fear
 x - a scroll of teleportation
 B - 4 scrolls of enchant weapon
 C - 3 scrolls of magic mapping
 D - 3 scrolls of enchant armour
 K - a scroll of summoning
 N - 2 scrolls of vulnerability
Potions
 d - 4 potions of mutation
 g - 10 potions of curing
 h - 4 potions of lignification
 m - 5 potions of magic
 n - 2 potions of flight
 o - a potion of haste
 s - 2 potions of stabbing
 E - 4 potions of brilliance
 I - 2 potions of cancellation
 J - 3 potions of berserk rage
 M - a potion of degeneration
 T - 3 potions of ambrosia
 W - a potion of resistance
Comestibles
 c - 17 rations
 q - 12 chunks of flesh


   Skills:
 - Level 12.0 Fighting
 + Level 14.9 Dodging
 + Level 10.0 Unarmed Combat
 - Level 6.0 Spellcasting
 - Level 10.0 Transmutations
 - Level 8.0 Invocations


You had 14 spell levels left.
You knew the following spells:

 Your Spells              Type           Power        Failure   Level  Hunger
a - Beastly Appendage     Tmut           ####..       10%         1    None
b - Sticks to Snakes      Tmut           ####....     11%         2    #......
c - Spider Form           Tmut/Pois      ###.......   36%         3    ###....
d - Blade Hands           Tmut           ####......   38%         5    ######.

Your spell library contained the following spells:

 Spells                   Type           Power        Failure   Level  Hunger
 Passwall                 Tmut/Erth      ###.....     26%         2    #......
 Animate Skeleton         Necr           N/A          56%         1    None
 Apportation              Tloc           #.....       56%         1    None
 Corona                   Hex            #......      56%         1    None
 Foxfire                  Conj/Fire      #...         56%         1    None
 Freeze                   Ice            #...         56%         1    None
 Magic Dart               Conj           #...         56%         1    None
 Sandblast                Erth           #.....       56%         1    None
 Summon Small Mammal      Summ           #...         56%         1    None
 Ice Form                 Ice/Tmut       ###.....     63%         4    ####...
 Petrify                  Tmut/Erth      ###.....     63%         4    ####...
 Blink                    Tloc           N/A          67%         2    #......
 Call Imp                 Summ           #.......     67%         2    #......
 Slow                     Hex            #.......     67%         2    #......
 Confusing Touch          Hex            #.......     83%         3    ###....
 Conjure Flame            Conj/Fire      #.......     83%         3    ###....
 Frozen Ramparts          Ice            #.....       83%         3    ###....
 Gell's Gravitas          Tloc           #.........   83%         3    ###....
 Inner Flame              Hex/Fire       #.......     83%         3    ###....
 Mephitic Cloud           Conj/Pois/Air  #.......     83%         3    ###....
 Ozocubu's Armour         Chrm/Ice       #.......     83%         3    ###....
 Stone Arrow              Conj/Erth      #.....       83%         3    ###....
 Yara's Violent Unravell  Hex/Tmut       ###.......   87%         5    ######.
 Hailstorm                Conj/Ice       #.......     98%         4    ####...
 Sticky Flame             Conj/Fire      #.......     98%         4    ####...
 Summon Ice Beast         Ice/Summ       #.......     98%         4    ####...
 Fireball                 Conj/Fire      #.........   100%        5    ######.
 Lee's Rapid Deconstruct  Erth           #.........   100%        5    ######.
 Metabolic Englaciation   Hex/Ice        #.........   100%        5    ######.


Dungeon Overview and Level Annotations

Branches:
Dungeon (13/15)            Temple (1/1) D:5            Lair (6/6) D:10
 Shoals (0/4) Lair:4        Snake (0/4) Lair:3        Slime (0/5) Lair:5
    Orc (0/2) D:10          IceCv (visited)
 Vaults: D:13-14

Altars:
Ashenzari
Dithmenos
Elyvilon
Gozag
Hepliaklqana
Kikubaaqudgha
Makhleb
Nemelex Xobeh
Okawaru
Qazlal
Ru
Sif Muna
Uskayaw
Vehumet
Wu Jian
Xom
Yredelemnul
Zin
The Shining One
Beogh

Shops:
D:5 =   D:10 [

Portals:
Abyss: D:8
Trove: D:13 (show slimy rune of Zot)

Annotations:
D:6 1 runed translucent door
D:8 2 transporters, chickendinner's ghost, novice DsBe
D:10 3 runed translucent doors, Aptilic's ghost, journeyman GnSk
D:13 Jorgrun
Lair:3 3 runed translucent doors, Nopueh's ghost, journeyman DEAE
Lair:5 exclusion: 2 oklob plants
Lair:6 exclusion: oklob plant


Innate Abilities, Weirdness & Mutations

You can breathe blasts of scalding, opaque steam.
Your pale cyan-grey scales are hard. (AC +8)
You cannot fit into any form of body armour.
You are cold-blooded and may be slowed by cold attacks.
Your body sometimes deteriorates upon taking damage.


Message History

You tail-slap the death knight, but do no damage.
The death knight is severely wounded.
The death knight reflects your damage back at you!
The death knight's dark mirror aura disappears.
The death knight hits you with a +0 battleaxe!!
Jorgrun is engulfed in a cloud of scalding steam.
Your transformation is almost over.
Jorgrun gestures next to the death knight while chanting.
You hear a grinding noise.
The death knight is engulfed in a cloud of scalding steam.
Jorgrun gestures at you while chanting.
The wall shatters!
The blast of rock fragments hits you!!
* * * LOW HITPOINT WARNING * * *
Okay, then.
As you read the scroll of teleportation, it crumbles to dust.
You feel strangely unstable. Jorgrun gestures at you while chanting.
Roots burst forth from the earth!
The grasping roots grab you!
You die...

....####..# ###.###
###....)..# #.....#
######.#### ##.#.#.#
#.# .#.....#.#
#####.####.#...##.#.
#...................
#.#.#######.#....###.
# #.##.#..# ###
#.##@.# #...
#.##p#.#§5.##..
#.##((§g...(...
..######....... .##
...... . ###.# #


You could see Jorgrun and a death knight.

Vanquished Creatures
  2 entropy weavers (Lair:5)
  Josephine (D:12)
  6 hydras
  Harold (D:7)
  3 centaur warriors (D:13)
  Erica (D:10)
  2 two-headed ogres (D:11)
  A death knight (D:12)
  A death yak (Lair:5)
  A queen ant (Lair:5)
  Urug (D:12)
  Nergalle (Lair:1)
  3 slime creatures (D:12)
  3 unseen horrors
  A necromancer (IceCv)
  Pikel (D:8)
  A phantasmal warrior (D:12)
  A wolf spider zombie (D:13)
  An oklob plant (Lair:5)
  A cyclops (D:13)
  An ugly thing (D:12)
  A manticore (D:13)
  3 elephants (Lair:2)
  A centaur zombie (D:13)
  5 black mambas
  A torpor snail (Lair:4)
  A merfolk siren (Lair:4)
  A gargoyle (D:12)
  An ice statue (IceCv)
  8 spiny frogs
  11 freezing wraiths
  4 komodo dragons
  3 rime drakes
  A tengu conjurer (D:13)
  A queen bee (Lair:5)
  3 meliai (Lair:5)
  2 trolls
  Prince Ribbit (D:7)
  6 dream sheep (Lair:4)
  2 hornets
  12 hippogriffs
  8 blink frogs
  A spriggan (D:8)
  4 wyverns
  6 wraiths (D:12)
  4 basilisks
  38 yaks
  A hungry ghost (D:13)
  4 vampire mosquitoes (D:12)
  Menkaure (D:7)
  6 soldier ants
  12 water moccasins
  5 orc warriors
  7 porcupines
  4 black bears
  An eye of draining (D:12)
  A slave (D:7)
  8 ice beasts
  5 sky beasts
  A necrophage (D:7)
  2 alligator simulacra (IceCv)
  6 ogres
  2 wolves (D:10)
  11 centaurs
  2 big kobolds
  13 crocodiles
  12 bullfrogs
  A water moccasin zombie (D:6)
  4 scorpions
  2 elephant simulacra (IceCv)
  16 killer bees (Lair:5)
  4 wights (D:6)
  3 howler monkeys (D:8)
  3 crimson imps
  A draconian simulacrum (IceCv)
  A centaur skeleton (D:4)
  3 jellies
  4 orc priests
  5 hounds
  4 bullfrog skeletons
  11 orc wizards
  7 iguanas
  9 troll simulacra (IceCv)
  2 hell rats (Lair:1)
  15 worker ants
  3 spriggan simulacra (IceCv)
  2 centaur simulacra (IceCv)
  A hound skeleton (D:7)
  A hound zombie (D:7)
  8 gnolls
  A howler monkey skeleton (D:3)
  A naga simulacrum (IceCv)
  4 ogre simulacra (IceCv)
  11 adders
  10 river rats (Lair:1)
  4 shadow imps
  12 white imps (IceCv)
  2 oozes (D:3)
  2 adder skeletons
  A worm (D:4)
  2 dart slugs (D:2)
  6 leopard geckos
  35 orcs
  8 bats
  3 giant cockroaches
  9 hobgoblins
  2 jackals (D:4)
  7 quokkas
  5 ball pythons
  4 frilled lizards
  A giant cockroach zombie (D:6)
  13 goblins
  A goblin zombie (D:6)
  2 jackal skeletons
  A jackal zombie (D:6)
  11 kobolds
  2 quokka skeletons
  A quokka zombie (D:5)
  10 rats
548 creatures vanquished.

Vanquished Creatures (collateral kills)
  2 elephants
  A komodo dragon (Lair:2)
  A yak (Lair:6)
4 creatures vanquished.

Vanquished Creatures (others)
  A slave (D:8)
  12 fungi
  6 plants
19 creatures vanquished.

Grand Total: 571 creatures vanquished

Notes
Turn   | Place    | Note
-------+----------+-------------------------------------------
     0 | D:1      | DogServant the Draconian Transmuter began the quest for the
                  | Orb.
     0 | D:1      | Reached XP level 1. HP: 16/16 MP: 3/3
   274 | D:1      | Reached XP level 2. HP: 12/23 MP: 3/5
   534 | D:1      | Learned a level 2 spell: Sticks to Snakes
  1305 | D:2      | Reached XP level 3. HP: 28/28 MP: 4/6
  1837 | D:2      | Found a faded altar of an unknown god.
  2042 | D:3      | Reached XP level 4. HP: 18/35 MP: 7/7
  2821 | D:3      | Found a radiant altar of Vehumet.
  2822 | D:3      | Found an ancient bone altar of Kikubaaqudgha.
  2962 | D:4      | Reached XP level 5. HP: 40/40 MP: 8/8
  2980 | D:4      | Noticed an ogre
  2992 | D:4      | Killed an ogre
  2992 | D:4      | Reached skill level 5 in Unarmed Combat
  3052 | D:4      | Reached XP level 6. HP: 47/47 MP: 9/9
  3393 | D:4      | Found a white marble altar of Elyvilon.
  3413 | D:4      | Reached skill level 5 in Transmutations
  3615 | D:5      | Entered Level 5 of the Dungeon
  3932 | D:6      | Found a runed translucent door.
  3932 | D:6      | Noticed a human
  3951 | D:6      | Found a basalt altar of Yredelemnul.
  3965 | D:6      | Learned a level 3 spell: Spider Form
  4033 | D:6      | Found a hazy altar of Hepliaklqana.
  4034 | D:6      | Found a shimmering altar of Xom.
  4034 | D:6      | Noticed a wyvern
  4035 | D:6      | Noticed a spectral ugly thing
  4035 | D:6      | Noticed a wyvern
  4056 | D:6      | Reached skill level 2 in Dodging
  4256 | D:6      | Your scales start taking on a pale cyan-grey colour.
  4256 | D:6      | Reached XP level 7. HP: 17/53 MP: 8/10
  5514 | D:7      | Noticed Harold
  5554 | D:7      | Killed Harold
  5554 | D:7      | Reached skill level 5 in Fighting
  5554 | D:7      | Reached XP level 8. HP: 22/68 MP: 11/11
  5855 | D:6      | Learned a level 5 spell: Blade Hands
  6148 | D:7      | Noticed a hippogriff
  6151 | D:7      | Noticed Prince Ribbit
  6154 | D:7      | Killed a hippogriff
  6154 | D:7      | Reached XP level 9. HP: 73/75 MP: 12/12
  6164 | D:7      | Killed Prince Ribbit
  6164 | D:7      | Reached skill level 3 in Dodging
  6708 | D:7      | Noticed Menkaure
  6715 | D:7      | Killed Menkaure
  6782 | D:7      | Found a shimmering blue altar of Sif Muna.
  6990 | D:8      | Reached skill level 4 in Dodging
  7045 | D:8      | Found a glowing golden altar of the Shining One.
  7307 | D:8      | Noticed Pikel
  7308 | D:8      | Found a glowing silver altar of Zin.
  7319 | D:8      | Killed Pikel
  7367 | D:8      | Reached skill level 5 in Dodging
  7606 | D:8      | Found a transporter.
  7607 | D:8      | Found a transporter.
  7792 | D:8      | Found a one-way gate to the infinite horrors of the Abyss.
  7792 | D:8      | Noticed chickendinner's ghost (novice DsBe)
  7817 | D:8      | Identified the cursed +1 rapier of Yfirith {distort, rF+}
  8500 | D:5      | Reached XP level 10. HP: 90/90 MP: 10/13
  8603 | D:5      | Found Resip's Jewellery Shoppe.
  8902 | D:5      | Found a staircase to the Ecumenical Temple.
  8990 | Temple   | Entered the Ecumenical Temple
  9133 | Temple   | Became a worshipper of Makhleb the Destroyer
  9588 | D:5      | Reached skill level 6 in Dodging
 10164 | D:9      | Found a sacrificial altar of Ru.
 10166 | D:9      | Reached * piety under Makhleb
 10856 | D:10     | Entered Level 10 of the Dungeon
 10856 | D:10     | Found a staircase to the Lair.
 10895 | D:10     | Killed an unseen horror
 10895 | D:10     | Reached skill level 10 in Fighting
 10895 | D:10     | Reached skill level 7 in Dodging
 11226 | D:10     | Found a runed translucent gate.
 11226 | D:10     | Found a runed translucent gate.
 11226 | D:10     | Found a runed translucent gate.
 11227 | D:10     | Noticed Aptilic's ghost (journeyman GnSk)
 11279 | D:10     | Found a staircase to the Orcish Mines.
 11342 | D:10     | Found Eza Qecu's Antique Armour Shop.
 11381 | D:10     | Noticed Erica
 11386 | D:10     | Killed Erica
 11386 | D:10     | Reached skill level 8 in Dodging
 11560 | D:10     | Reached XP level 11. HP: 73/101 MP: 9/14
 12130 | D:11     | Noticed a two-headed ogre
 12160 | D:10     | Gained mutation: Your body sometimes deteriorates upon
                  | taking damage. [mutagenic glow]
 12171 | D:11     | Killed a two-headed ogre
 12388 | D:11     | Noticed a two-headed ogre
 12402 | D:11     | Killed a two-headed ogre
 12402 | D:11     | Reached skill level 9 in Dodging
 12415 | D:11     | Reached ** piety under Makhleb
 13364 | Lair:1   | Entered Level 1 of the Lair of Beasts
 13616 | Lair:1   | Found a frozen archway.
 13628 | IceCv    | Entered an ice cave
 14325 | IceCv    | Found an ancient bone altar of Kikubaaqudgha.
 14346 | IceCv    | Reached *** piety under Makhleb
 14641 | IceCv    | Noticed a necromancer
 14661 | IceCv    | Killed a necromancer
 14661 | IceCv    | Reached skill level 1 in Invocations
 14663 | IceCv    | Reached XP level 12. HP: 112/112 MP: 18/18
 15047 | Lair:1   | Reached skill level 10 in Dodging
 15047 | Lair:1   | Reached skill level 10 in Transmutations
 15057 | Lair:1   | Noticed Nergalle
 15065 | Lair:1   | Killed Nergalle
 15082 | Lair:1   | Reached **** piety under Makhleb
 15650 | Lair:2   | Noticed a seven-headed hydra
 15687 | Lair:2   | Killed a seven-headed hydra
 16003 | Lair:2   | Noticed a five-headed hydra
 16012 | Lair:2   | Killed a six-headed hydra
 16012 | Lair:2   | Reached skill level 5 in Invocations
 16896 | Lair:3   | Noticed a six-headed hydra
 16913 | Lair:3   | Killed a six-headed hydra
 17200 | Lair:3   | Reached skill level 10 in Unarmed Combat
 17262 | Lair:3   | Noticed a minotaur
 17263 | Lair:3   | Noticed Nopueh's ghost (journeyman DEAE)
 17430 | Lair:3   | Found a runed translucent gate.
 17431 | Lair:3   | Found a runed translucent gate.
 17490 | Lair:3   | Reached ***** piety under Makhleb
 17647 | Lair:3   | Found a runed translucent gate.
 17661 | Lair:3   | Found a staircase to the Snake Pit.
 17666 | Lair:3   | Reached XP level 13. HP: 118/118 MP: 15/20
 17681 | Lair:3   | Reached skill level 5 in Spellcasting
 18731 | Lair:4   | Reached skill level 11 in Dodging
 19287 | Lair:4   | Found a staircase to the Shoals.
 19588 | Lair:5   | Found a staircase to the Slime Pits.
 19805 | Lair:5   | Noticed an entropy weaver
 19806 | Lair:5   | Noticed an entropy weaver
 19811 | Lair:5   | Killed an entropy weaver
 19811 | Lair:5   | Reached skill level 12 in Dodging
 21139 | Lair:5   | Killed an entropy weaver
 21954 | Lair:6   | Entered Level 6 of the Lair of Beasts
 22115 | Lair:6   | Reached skill level 13 in Dodging
 22883 | D:12     | Reached XP level 14. HP: 126/126 MP: 18/23
 23582 | D:12     | Noticed Josephine
 23600 | D:12     | Killed Josephine
 23600 | D:12     | Reached skill level 14 in Dodging
 24158 | D:12     | Noticed Urug
 24175 | D:12     | Killed Urug
 24563 | D:13     | Found a roughly hewn altar of Beogh.
 24702 | D:13     | Found a portal to a secret trove of treasure.
 25288 | D:13     | HP: 4/126 [something (5)]
 25832 | D:13     | Noticed Jorgrun
 25843 | D:13     | Reached ****** piety under Makhleb
 25848 | D:13     | Slain by Jorgrun

Illustrated notes

Levels and vault maps discovered:
D:1:      scummos_arrival_star, layout_basic
D:2:      layout_loops_ring, chequers_ecumenical_altar_simple
D:3:      layout_rooms, gammafunk_temple_overflow_statue, first_ration
D:4:      layout_rooms, elyvilon_altar_4
D:5:      layout_loops_ring, minmay_temple_entry_glassed_door, serial_shops,
          shop_statue, grunt_decor_clamped
D:6:      layout_basic, regret_index_temple_of_mockery, grunt_ministairs_13,
          dk_yredelemnul_ordeal
D:7:      layout_cave_pools, led_sif_pool, enter_bailey_2, uniq_menkaure,
          uniq_harold, uniq_prince_ribbit1
D:8:      layout_layer_cave, old_standard_altar, tso_metal_star,
          gammafunk_ghost_abyssal_escape, the_bakery, uniq_pikel
D:9:      layout_irregular_city, nicolae_ru_sacrificial_ziggurat
D:10:     layout_loops_ring, minmay_lair_entry_grove, ebering_ghost_rock_garden,
          serial_shops, shop, uniq_erica
D:11:     layout_basic, grunt_ministairs_14, minmay_misc_feat_chi
D:12:     layout_loops_ring, uniq_urug, uniq_josephine
D:13:     layout_loops_ring, grunt_vaults_entry_fortified, enter_trove_2,
          hangedman_abyss_or_decor_stabs, david_defended_altar_orc,
          uniq_jorgrun, uniq_kirke
Temple:   nicolae_temple_figure_eight
Lair:1:   layout_concentric_octagons, portal_ice_cave_entry_pillars_2,
          serial_rivers, chequers_serial_rivers_large_b,
          chequers_serial_rivers_small_3, chequers_serial_rivers_marsh,
          chequers_serial_rivers_micro_d, chequers_serial_rivers_micro_c,
          kennysheep_rathole, infiniplex_staircase_pool, uniq_nergalle
Lair:2:   layout_concentric_octagons, grunt_megastairs_2
Lair:3:   layout_chaotic_city, minmay_snake_entry_six_corridors,
          maelrawn_ghost_gauntlet_escape
Lair:4:   layout_loops_ring, minmay_shoals_entry_lonely_mermaid,
          infiniplex_staircase_pool_2
Lair:5:   layout_gridlike, minmay_slime_entry_oklob_open, special_room
          [special_room_bee], wad_woods_antlair
Lair:6:   evil_forest, layout_gridlike, hibernation_bobbens, grunt_megastairs_5

Skill      XL: |  1  2  3  4  5  6  7  8  9 10 11 12 13 14 |
---------------+-------------------------------------------+-----
Transmutations | 3 4 5 7 8 9 10 | 10.0
Unarmed Combat | 4 5 7 10 | 10.0
Dodging        | 2 5 8 9 10 13 14 | 14.9
Fighting       | 5 6 8 10 12 | 12.0
Spellcasting   | 4 6 |  6.0
Invocations    | 1 8 |  8.0

Action                   |  1- 3 |  4- 6 |  7- 9 | 10-12 | 13-15 || total
-------------------------+-------+-------+-------+-------+-------++-------
Melee: Unarmed           |    57 |    10 |    77 |   428 |   485 ||  1057
       Kick              |    14 |    11 |    12 |     2 |     7 ||    46
       Tailslap          |    10 |    17 |    26 |    62 |    84 ||   199
       Headbutt          |     9 |     4 |     7 |     1 |     7 ||    28
       Dagger            |    74 |   116 |    84 |    72 |       ||   346
       Punch             |     2 |     2 |     5 |    27 |    19 ||    55
Throw: Javelin           |       |    13 |    11 |       |       ||    24
       Dart              |       |     1 |     2 |       |       ||     3
 Cast: Beastly Appendage |    35 |    19 |     9 |     2 |    13 ||    78
       Spider Form       |       |     2 |       |       |       ||     2
       Sticks to Snakes  |       |       |     3 |     1 |       ||     4
       Blade Hands       |       |       |    15 |    73 |    63 ||   151
Invok: Lesser Servant of |       |       |       |     1 |     4 ||     5
 Abil: Breathe Steam     |       |       |     6 |    29 |    20 ||    55
Evoke: Wand              |       |       |       |    11 |     9 ||    20
  Use: Scroll            |       |       |    12 |    11 |    18 ||    41
       Potion            |       |       |       |     1 |     5 ||     6
 Stab: Sleeping          |       |     2 |       |       |       ||     2
  Eat: Chunk             |     4 |     8 |    11 |    32 |    19 ||    74
       Ration            |       |       |     3 |     9 |     9 ||    21
Armor: Skin              |    52 |    37 |    48 |   102 |    70 ||   309
Dodge: Dodged            |    93 |   100 |   121 |   383 |   465 ||  1162
Block: Other             |       |       |       |       |    28 ||    28
       Reflection        |       |       |       |       |     4 ||     4
